AoeStats
← aleksbg02

Arena

510514476Analyzed
3v3 RM · 2d ago on Oct 1, 2026· 50m 55s· 6 players
Game mode
Random Map
Map size
Normal (6 player)
Population
200
Speed
Normal
Resources
Standard
Victory
Conquest
Starting age
Dark Age
Ending age
Imperial Age
RankedLock teamsTeams togetherTeam positionsShared explorationLock speedFull tech treeHidden civsTurbo modeCheats
Victory
Defeat
🇧🇬 Gurjaras · Bulgaria
590
+14
🇧🇬 Sicilians · Bulgaria
543
+16
🇷🇺 Ethiopians · Russia
536
+16
🇷🇺 Poles · Russia
620
-19
🇺🇸 Turks · United States
567
-16
🇳🇴 Vikings · Norway
433
-11
FEARthisDUDE
0:27 Loom
11:51 Feudal Age
14:40 Wheelbarrow
15:04 Double-Bit Axe
16:33 Gold Mining
16:36 Stone Mining
16:29 Horse Collar
22:00 Castle Age
23:40 Husbandry
23:50 Heavy Plow
24:08 Bow Saw
25:33 Treadmill Crane
29:01 Squires
33:48 Thumb Ring
38:56 Imperial Age
36:52 Hand Cart
40:05 Masonry
39:51 Fletching
43:09 Gold Shaft Mining
44:42 Town Watch
☨☨☨☨
1:21 Loom
12:38 Feudal Age
14:24 Double-Bit Axe
14:24 Horse Collar
23:56 Castle Age
22:38 Scale Mail Armor
22:58 Forging
22:49 Arson
23:17 Gold Mining
23:41 Stone Mining
24:11 Bloodlines
25:50 Heavy Plow
26:15 Squires
26:54 Bow Saw
28:25 Wheelbarrow
27:40 Town Watch
30:29 Chain Mail Armor
30:58 Iron Casting
32:48 Masonry
39:42 Imperial Age
38:10 Szlachta Privileges
41:24 Blast Furnace
40:54 Plate Mail Armor
40:57 Hand Cart
41:55 Conscription
42:14 Hoardings
42:16 Husbandry
43:25 Ballistics
43:15 Caravan
44:13 Elite Obuch
46:35 Murder Holes
46:56 Fortified Wall
48:18 Crop Rotation
Varg_1960
4:35 Loom
11:38 Feudal Age
12:24 Double-Bit Axe
15:43 Gold Mining
21:30 Castle Age
20:14 Stone Mining
21:11 Town Watch
23:44 Bow Saw
27:00 Crossbowman
28:00 Forging
36:36 Imperial Age
36:40 Fletching
37:26 Iron Casting
36:54 Scale Mail Armor
36:56 Padded Archer Armor
37:01 Elite Berserk
39:32 Conscription
41:38 Chain Mail Armor
42:26 Blast Furnace
43:48 Town Patrol
46:56 Plate Mail Armor
46:46 Leather Archer Armor
46:34 Arbalester
aleksbg02
0:45 Loom
11:49 Feudal Age
13:12 Wheelbarrow
12:19 Horse Collar
12:27 Double-Bit Axe
20:18 Castle Age
18:36 Stone Mining
18:37 Gold Mining
22:08 Heavy Plow
23:45 Hand Cart
25:39 Bow Saw
26:19 Forging
26:09 Scale Mail Armor
26:31 Gambesons
26:46 Squires
26:32 Arson
28:37 Stone Shaft Mining
28:50 Gold Shaft Mining
29:34 First Crusade
29:28 Caravan
31:07 Iron Casting
30:49 Chain Mail Armor
34:35 Imperial Age
36:56 Plate Mail Armor
37:27 Blast Furnace
37:34 Elite Serjeant
40:25 Crop Rotation
40:28 Conscription
40:14 Hauberk
45:26 Siege Engineers
45:31 Masonry
45:49 Ballistics
Lyuboslav1
0:52 Loom
13:12 Feudal Age
13:49 Double-Bit Axe
13:49 Horse Collar
17:43 Gold Mining
17:44 Stone Mining
22:35 Fletching
22:46 Padded Archer Armor
23:52 Arson
27:21 Castle Age
25:51 Forging
29:15 Squires
29:23 Bodkin Arrow
29:44 Leather Archer Armor
31:59 Royal Heirs
34:51 Imperial Age
34:07 Heavy Plow
34:22 Bow Saw
34:54 Gold Shaft Mining
34:59 Stone Shaft Mining
37:04 Caravan
37:20 Elite Shotel Warrior
40:03 Wheelbarrow
42:24 Thumb Ring
45:55 Ring Archer Armor
45:25 Bracer
Lyubo04
0:46 Loom
12:42 Feudal Age
13:21 Double-Bit Axe
13:22 Horse Collar
13:56 Double-Bit Axe
20:59 Castle Age
19:11 Gold Mining
19:14 Stone Mining
21:42 Caravan
21:58 Bow Saw
21:50 Heavy Plow
24:49 Fletching
25:00 Padded Archer Armor
32:21 Bodkin Arrow
36:47 Imperial Age
35:11 Husbandry
35:22 Bloodlines
38:27 Wheelbarrow
37:40 Town Watch
38:51 Scale Barding Armor
38:57 Forging
40:15 Chain Barding Armor
42:29 Conscription
42:36 Conscription
43:24 Kshatriyas
44:15 Iron Casting
44:19 Plate Barding Armor
43:47 Scale Mail Armor
45:11 Elite Shrivamsha Rider
50:38 Elite Chakram Thrower
51:39 Chain Mail Armor
Connection lost

Rejoining the realm…

Still unreachable

The connection could not be restored.

Session expired

The server has moved on; the page needs a fresh start.